 Dungeon Crawl Stone Soup version 0.21-a0-504-g2eda330 (webtiles) character file.

28 4thArraOfDagon the Firebug (level 3, -13/28 HPs)
             Began as a Deep Elf Fire Elementalist on Nov 26, 2017.
             Mangled by an ogre
             ... wielding a +0 giant spiked club
              (16 damage)
             ... on level 5 of the Dungeon.
             The game lasted 00:02:00 (271 turns).

4thArraOfDagon the Firebug (DEFE)                    Turns: 271, Time: 00:02:01

Health: -13/28     AC: 21    Str:  5    XL:     3   Next: 0%
Magic:  2/9        EV:  2    Int: 22    God:
Gold:   36         SH:  0    Dex: 19    Spells: 7/8 levels left

rFire    . . .     SeeInvis .   k - +1 falchion
rCold    . . .     Gourm    .   (no shield)
rNeg     + + +     Faith    .   (armour currently unavailable)
rPois    +         Spirit   .   (helmet currently unavailable)
rElec    .         Reflect  .   (cloak currently unavailable)
rCorr    .         Harm     .   (gloves currently unavailable)
MR       .....     NoTele   +   (boots currently unavailable)
Stlth    +++.......             (no amulet)
HPRegen  0.09/turn              f - +2 ring of dexterity
MPRegen  0.11/turn              (no ring)

@: tree-form
A: thin skeletal structure 1, clever 1, wild magic 1
a: no special abilities


You were on level 5 of the Dungeon.
You were not hungry.
You were a tree.
You visited 1 branch of the dungeon, and saw 5 of its levels.

You collected 36 gold pieces.

Inventory:

Hand Weapons
 k - a +1 falchion (weapon)
Armour
 a - a +0 robe (melded)
Jewellery
 f - a +2 ring of dexterity (left branch)
Scrolls
 g - a scroll of noise
Books
 b - a book of Flames

   Spells                             Type                      Level
   a - Flame Tongue                   Conjuration/Fire             1
   b - Throw Flame                    Conjuration/Fire             2
   c - Conjure Flame                  Conjuration/Fire             3
   d - Inner Flame                    Hexes/Fire                   3
   e - Sticky Flame                   Conjuration/Fire             4
   f - Fireball                       Conjuration/Fire             5
Comestibles
 c - 2 bread rations


   Skills:
 - Level 2.4 Dodging
 - Level 2.4 Stealth
 + Level 3.4 Spellcasting
 * Level 2.2 Conjurations
 * Level 3.9 Fire Magic


You had 7 spell levels left.
You knew the following spells:

 Your Spells              Type           Power        Failure   Level  Hunger
a - Flame Tongue          Conj/Fire      ###..        5%          1    None


Dungeon Overview and Level Annotations

Branches:
Dungeon (5/15)
 Temple: D:4-7

Altars:
Dithmenos

Annotations:
D:3 4thArraOfDagon's ghost, weakling DEFE


Innate Abilities, Weirdness & Mutations

You have a somewhat thin skeletal structure. (Dex +2, Stealth)
Your mind is acute. (Int +2)
Your spells are a little harder to cast, but a little more powerful.


Message History

Unknown command.
Casting: Flame Tongue
Confirm with . or Enter, or press ? or * to list all spells.
Aiming: Flame Tongue
Press: ? - help, Shift-Dir - straight line, f/p - ogre
Aim: an ogre, wielding a giant spiked club (heavily wounded)
The flame tongue hits the ogre.
The ogre is severely wounded.
The ogre hits you but does no damage.
Unknown command.
Casting: Flame Tongue
Confirm with . or Enter, or press ? or * to list all spells.
Aiming: Flame Tongue
Press: ? - help, Shift-Dir - straight line, f/p - ogre
Aim: an ogre, wielding a giant spiked club (severely wounded)
The flame tongue hits the ogre.
The ogre is severely wounded.
The ogre hits you with a giant spiked club!
Ouch! That really hurt!
You die...

####### ......# .......
........# .......
........# .......
.....!.O# .......
......<.# ).!....
........#########.......
..............OO♣.......
....).§§§.##..###.......
.......§§....## .......
.......§§§.### .......
....!..§######## #######
...?.......#...##
#.....#..(......##
######...........#
#.....<.....#


You could see 2 ogres.

Vanquished Creatures
  A hound skeleton (D:4)
  An adder skeleton (D:5)
  A leopard gecko (D:3)
  A giant cockroach (D:1)
  2 goblins
  A hobgoblin (D:3)
  A quokka (D:4)
  2 frilled lizards
  A kobold (D:1)
  A leopard gecko skeleton (D:4)
  A rat (D:1)
13 creatures vanquished.

Notes
Turn   | Place    | Note
-------+----------+-------------------------------------------
     0 | D:1      | 4thArraOfDagon the Deep Elf Fire Elementalist began the quest for the Orb.
     0 | D:1      | Reached XP level 1. HP: 10/10 MP: 6/6
   103 | D:3      | Reached XP level 2. HP: 15/15 MP: 2/8
   104 | D:3      | Noticed 4thArraOfDagon's ghost (weakling DEFE)
   168 | D:5      | Entered Level 5 of the Dungeon
   168 | D:5      | Noticed an ogre
   235 | D:5      | Found a shadowy altar of Dithmenos.
   236 | D:5      | Noticed an ogre
   248 | D:5      | Gained mutation: Your spells are a little harder to cast, but a little more powerful. [potion of mutation]
   248 | D:5      | Gained mutation: You have a somewhat thin skeletal structure. (Dex +2, Stealth) [potion of mutation]
   248 | D:5      | Gained mutation: Your mind is acute. (Int +2) [potion of mutation]
   265 | D:5      | Reached XP level 3. HP: 19/19 MP: 7/9
   271 | D:5      | Mangled by an ogre

Vault maps used:
D:1:      dpeg_arrival_boxes_within_box, minmay_misc_feat_ornament
D:4:      kennysheep_goblin_castle, serial_shops, kennysheep_mini, shop_statue,
          shop_coins
D:5:      kennysheep_mini_moat, first_bread, grunt_dithmenos_smoke

Skill      XL: |  1  2 |
---------------+-------+-----
Conjurations   | 2 |  2.2
Dodging        | |  2.4
Stealth        | |  2.4
Spellcasting   | |  3.4
Fire Magic     | |  3.9

Action                   || total
-------------------------++-------
Melee: Falchion          ||    15
 Cast: Flame Tongue      ||    25
  Use: Scroll            ||     3
       Potion            ||     3
Armor: Skin              ||    15
       Robe              ||     3
Dodge: Dodged            ||    14
       Rpst.: Falchion   ||     7

Table legend:
 A = Spawn XP
 B = Non-spawn XP
 C = Spawn XP percentage of total XP
 D = Spawn monster count
 E = Non-spawn monster count
 F = Spawn count percentage of total count
 G = Total turns spent on level
                    A         B        C        D         E        F      G
               +---------+---------+-------+---------+---------+-------+---------
         Total |       0 |      41 |   0.0 |       0 |      13 |   0.0 |   271
               +---------+---------+-------+---------+---------+-------+---------
           D:1 |       0 |       5 |   0.0 |       0 |       4 |   0.0 |    74
           D:3 |       0 |       7 |   0.0 |       0 |       3 |   0.0 |    24
           D:4 |       0 |      23 |   0.0 |       0 |       4 |   0.0 |   119
           D:5 |       0 |       6 |   0.0 |       0 |       2 |   0.0 |    42
               +---------+---------+-------+---------+---------+-------+---------
